 Dungeon Crawl Stone Soup version 0.20.1-1-g8b1a95d (webtiles) character file.

226 letownia2 the Grave Robber (level 5, -9/42 HPs)
             Began as a Deep Dwarf Necromancer on Nov 12, 2017.
             Mangled by an ogre
             ... wielding a +0 giant club
              (22 damage)
             ... on level 4 of the Dungeon.
             The game lasted 00:05:56 (1295 turns).

letownia2 the Grave Robber (Deep Dwarf Necromancer) Turns: 1295, Time: 00:05:56

Health: -9/42      AC:  5    Str: 11    XL:     5   Next: 69%
Magic:  2/10       EV: 11    Int: 17    God:
Gold:   66         SH:  0    Dex: 13    Spells: 7/11 levels left

rFire    . . .     SeeInvis .   a - +3 hand axe
rCold    + . .     Gourm    .   (no shield)
rNeg     . . .     Faith    .   o - +0 ring mail
rPois    .         Spirit   .   (no helmet)
rElec    .         Reflect  .   (no cloak)
rCorr    .         Harm     .   (no gloves)
MR       .....                  (no boots)
Stlth    +.........             (no amulet)
Regen    0.0/turn               p - ring of protection from cold
MPRegen  0.2/turn               (no ring)

@: non-regenerating
A: damage resistance, heal wounds, sense surroundings 1, no regeneration
a: Heal Wounds


You were on level 4 of the Dungeon.
You were very hungry.

You visited 1 branch of the dungeon, and saw 4 of its levels.

You collected 66 gold pieces.

Inventory:

Hand Weapons
 a - a +3 hand axe (weapon)
 j - a +0 dagger
 l - a +0 war axe
Armour
 g - a +0 robe
 n - a +0 leather armour
 o - a +0 ring mail (worn)
Jewellery
 p - a ring of protection from cold (left hand)
Scrolls
 e - a scroll of identify {unknown}
 h - a scroll of remove curse {unknown}
 i - a scroll of teleportation {unknown}
 m - a scroll of enchant armour {unknown}
Potions
 d - a potion of brilliance {unknown}
 f - a potion of mutation {unknown}
Books
 b - a book of Necromancy

   Spells                             Type                      Level
   a - Pain                           Necromancy                   1
   b - Animate Skeleton               Necromancy                   1
   c - Vampiric Draining              Necromancy                   3
   d - Regeneration                   Charms/Necromancy            3
   e - Animate Dead                   Necromancy                   4
   f - Control Undead                 Necromancy                   4
Comestibles
 c - 2 bread rations


   Skills:
 - Level 2.2 Dodging
 - Level 2.4 Stealth
 + Level 3.5 Spellcasting
 + Level 6.4 Necromancy


You had 7 spell levels left.
You knew the following spells:

 Your Spells              Type           Power        Failure   Level  Hunger
a - Pain                  Necr           ###.         2%          1    None
v - Vampiric Draining     Necr           ###.......   9%          3    ###....


Dungeon Overview and Level Annotations

Branches:
Dungeon (4/15)
 Temple: D:4-7

Altars:


Innate Abilities, Weirdness & Mutations

You are resistant to damage.
You can heal yourself by infusing magical energy.
You passively map a small area around you.
You do not regenerate.


Message History

An elf zombie comes into view.
The hound closely misses you. The hound bites you.
The elf zombie barely misses you.
You open the door.
An orc zombie comes into view.
The hound closely misses you. The hound bites you.
The hound bites you but does no damage.
You open the door.
An orc zombie comes into view.
The hound bites you.
The orc zombie hits you but does no damage.
The elf zombie hits you. The ogre misses you. The orc zombie misses you.
The hound closely misses you. The ogre hits you but does no damage.
You open the door.
A human skeleton comes into view.
The hound barely misses you. The orc zombie closely misses you.
The hound misses you. The ogre hits you with a giant club!!
Ouch! That really hurt!
You die...

............####### #.#.#
..................#####.#.#
......#.##........##....#.#######
.........+...#######'#.........>#
........##...#, ,* #.#..#.#.#####
......## #...# #+#+#.####.#.#
....p. ,.....# +...'.#....#.# ...
, #########.O.########.# .. , ,
..##Z'@hZ'.# , #.# * *
##..#+#Z#Z###* #.# #...# #.#.+ *
#.# #...####### * #.##### * *
#........# * #...... $.. *
#........#* , * #..#### ###
#........#,, , ,#..# *
#........#, * #..# *
#........#.#.# #..####


You could see an ogre, a hound, 2 orc zombies, an elf zombie and a human
skeleton.

Vanquished Creatures
  An elf skeleton (D:4)
  A scorpion (D:3)
  An orc wizard (D:4)
  An iguana (D:4)
  A worker ant (D:4)
  2 adders
  4 orcs
  A giant cockroach (D:4)
  A goblin (D:3)
  2 hobgoblins
  7 kobolds
  A quokka (D:3)
  A bat (D:3)
  4 frilled lizards
  A rat (D:3)
29 creatures vanquished.

Notes
Turn   | Place    | Note
-------+----------+-------------------------------------------
     0 | D:1      | letownia2 the Deep Dwarf Necromancer began the quest for the Orb.
     0 | D:1      | Reached XP level 1. HP: 15/15 MP: 3/3
   468 | D:3      | Reached XP level 2. HP: 17/22 MP: 0/4
   626 | D:3      | Noticed a scorpion
   633 | D:3      | Reached skill level 5 in Necromancy
   703 | D:3      | Killed a scorpion
   703 | D:3      | Reached XP level 3. HP: 13/28 MP: 0/6
   703 | D:3      | Reached XP level 4. HP: 17/36 MP: 0/7
   717 | D:3      | Learned a level 3 spell: Vampiric Draining
   888 | D:4      | Reached skill level 6 in Necromancy
   891 | D:4      | Reached XP level 5. HP: 34/42 MP: 3/9
  1015 | D:4      | Noticed a slave
  1233 | D:4      | Noticed an ogre
  1295 | D:4      | Mangled by an ogre

Skill      XL: |  1  2  3  4 |
---------------+-------------+-----
Spellcasting   | 2 3 |  3.5
Necromancy     | 5 6 |  6.4
Dodging        | |  2.2
Stealth        | |  2.4

Action                   |  1- 3 |  4- 6 || total
-------------------------+-------+-------++-------
Melee: Hand axe          |     5 |    28 ||    33
 Cast: Pain              |    32 |     6 ||    38
       Vampiric Draining |       |    11 ||    11
  Eat: Chunk             |       |     2 ||     2
Armor: Robe              |     3 |       ||     3
       Leather armour    |       |     4 ||     4
       Ring mail         |       |    11 ||    11
Dodge: Dodged            |     5 |    41 ||    46
